 Dungeon Crawl Stone Soup version 0.19.5 (webtiles) character file.

79 qpzil the Cudgeler (level 4, -1/33 HPs)
             Began as a Demonspawn Gladiator on Mar 15, 2017.
             Succumbed to an adder's poison
             ... on level 2 of the Dungeon.
             The game lasted 00:03:21 (1504 turns).

qpzil the Cudgeler (Demonspawn Gladiator)           Turns: 1504, Time: 00:03:22

Health: -1/33      AC:  4    Str: 16    XL:     4   Next: 16%
Magic:  4/4        EV: 12    Int:  9    God:
Gold:   94         SH:  0    Dex: 14    Spells: 0 memorised, 3 levels left

rFire  . . .     SeeInvis .     a - +0 flail
rCold  . . .     Gourm    .     b - +0 leather armour
rNeg   . . .     Faith    .     (no shield)
rPois  .         Spirit   .     c - +0 helmet
rElec  .         Reflect  .     (no cloak)
rCorr  .         Harm     .     (no gloves)
MR     .....                    (no boots)
Stlth  +.........               (no amulet)
                                (no ring)
                                (no ring)

@: lethally poisoned (-1 -> -17)
A: demonic guardian 1
a: no special abilities


You were on level 2 of the Dungeon.
You were not hungry.

You visited 1 branch of the dungeon, and saw 2 of its levels.

You collected 94 gold pieces.

Inventory:

Hand Weapons
 a - a +0 flail (weapon)
Missiles
 d - 3 throwing nets (quivered)
 p - 5 tomahawks
Armour
 b - a +0 leather armour (worn)
 c - a +0 helmet (worn)
Jewellery
 q - an uncursed ring of poison resistance {unknown}
Scrolls
 e - 2 scrolls of enchant armour {unknown}
 h - 3 scrolls of identify {unknown}
 i - 2 scrolls of blinking {unknown}
 k - a scroll of remove curse {unknown}
 l - a scroll of teleportation {unknown}
Potions
 j - a potion of haste {unknown}
 n - a potion of ambrosia {unknown}
 o - a potion of agility {unknown}
 r - a potion of brilliance {unknown}
 s - a potion of mutation {unknown}
Books
 t - a book of Misfortune

   Spells                             Type                      Level
   a - Confusing Touch                Hexes                        1
   b - Confuse                        Hexes                        3
   c - Gell's Gravitas                Hexes/Translocation          3
   d - Petrify                        Transmutation/Earth          4
   e - Metabolic Englaciation         Hexes/Ice                    5
   f - Yara's Violent Unravelling     Hexes/Transmutation          5
Comestibles
 f - 3 bread rations
 g - a beef jerky
 m - a royal jelly


   Skills:
 - Level 2.0 Fighting
 + Level 4.5 Maces & Flails
 - Level 1.7 Throwing
 - Level 2.6 Dodging


You had 3 spell levels left.
You didn't know any spells.

Dungeon Overview and Level Annotations

Branches:
Dungeon (2/15)

Altars:
Trog


Innate Abilities, Weirdness & Mutations

A weak demonic guardian rushes to your aid.


Message History

The adder poisons you! The adder closely misses you.
The kobold hits you but does no damage.
You barely miss the adder.
The adder is moderately wounded.
You feel sick. The adder barely misses you.
The adder bites you but does no damage. The kobold misses you.
The adder bites you.
You hit the adder.
The adder is heavily wounded.
You feel sick. The adder bites you.
* * * LOW HITPOINT WARNING * * *
The adder bites you.
* * * LOW HITPOINT WARNING * * *
You are more poisoned.
The adder poisons you! The kobold hits you.
* * * LOW HITPOINT WARNING * * *
The adder barely misses you.
You hit the adder but do no damage.
The adder is heavily wounded.
You die...

... .... ###
###..[. #.#
....... #.#
....... ##.#
.......
###..##+##K......
#.....(.(@S......
#.###.....S...>..
#.# ##.5....#....
#. ###.#
######.##### ####
#. #...#
..#####... ..
###.### #.##)...#
#.##...#
###.##.#.#
#..#.###
##........#
#..#.# #.......#


You could see 2 adders, a kobold and a friendly white imp.

Vanquished Creatures
  A gnoll (D:2)
  2 adders (D:2)
  An ooze (D:1)
  A worm (D:2)
  2 dart slugs (D:1)
  A leopard gecko (D:1)
  9 bats
  4 giant cockroaches (D:1)
  3 goblins (D:1)
  3 hobgoblins (D:1)
  4 jackals (D:2)
  3 kobolds
  3 rats (D:1)
37 creatures vanquished.

Notes
Turn   | Place    | Note
-------+----------+-------------------------------------------
     0 | D:1      | qpzil the Demonspawn Gladiator began the quest for the Orb.
     0 | D:1      | Reached XP level 1. HP: 16/16 MP: 1/1
    92 | D:1      | Reached skill level 3 in Maces & Flails
   184 | D:1      | Gained mutation: A weak demonic guardian rushes to your aid. [demonic ancestry]
   184 | D:1      | Reached XP level 2. HP: 10/22 MP: 2/2
   610 | D:1      | Reached XP level 3. HP: 13/27 MP: 3/3
   792 | D:1      | Reached skill level 4 in Maces & Flails
  1150 | D:2      | Reached XP level 4. HP: 5/33 MP: 4/4
  1461 | D:2      | Found a bloodstained altar of Trog.
  1503 | D:2      | HP: 1/33 [kobold (4)]
  1504 | D:2      | Succumbed to an adder's poison

Skill      XL: |  1  2  3 |
---------------+----------+-----
Maces & Flails | 3 4 |  4.5
Fighting       | |  2.0
Throwing       | |  1.7
Dodging        | |  2.6

Action                   |  1- 3 |  4- 6 || total
-------------------------+-------+-------++-------
Melee: Flail             |   150 |    14 ||   164
  Eat: Chunk             |     1 |     1 ||     2
Armor: Leather armour    |    72 |     5 ||    77
Dodge: Dodged            |   136 |    22 ||   158
